 Dungeon Crawl Stone Soup version 0.28.0 (webtiles) character file.

Game seed: 13266594250205648112

486 enile the Firebug (level 6, -17/48 HPs)
             Began as a Demigod Fire Elementalist on Feb 14, 2022.
             Killed from afar by Pikel (41 damage)
             ... with a bolt of acid
             ... on level 4 of the Dungeon.
             The game lasted 00:04:38 (5628 turns).

enile the Firebug (Demigod Fire Elementalist)       Turns: 5628, Time: 00:04:38

Health: -17/48     AC:  4    Str:  9    XL:     6   Next: 57%
Magic:  4/13       EV: 27    Int: 25    God:
Gold:   154        SH:  0    Dex: 14    Spells: 5/11 levels left

rFire   . . .      SeeInvis .   n - +0 war axe
rCold   . . .      Faith    .   (no shield)
rNeg    . . .      Spirit   .   k - +2 robe {Will+}
rPois   .          Reflect  .   (no helmet)
rElec   .          Harm     .   (no cloak)
rCorr   .          Rampage  .   (no gloves)
Will    +....                   (no boots)
Stlth   ++........              p - amulet of the acrobat
HPRegen 0.16/turn               (no ring)
MPRegen 0.13/turn               (no ring)

@: acrobatic
A: high MP 1, forlorn, divine attributes
a: no special abilities


You were on level 4 of the Dungeon.
You visited 1 branch of the dungeon, and saw 4 of its levels.

You collected 154 gold pieces.

Inventory:

Hand Weapons
 m - a +0 short sword
 n - a +0 war axe (weapon)
Missiles
 g - a throwing net
Armour
 a - a +0 robe
 k - a +2 robe of willpower (worn)
Magical Staves
 l - a staff of conjuration
Jewellery
 p - an amulet of the acrobat (around neck)
Wands
 o - a wand of flame (13)
Scrolls
 b - 2 scrolls of teleportation
 d - a scroll of amnesia {unknown}
 e - 2 scrolls of immolation {unknown}
 i - 2 scrolls of noise {unknown}
 j - a scroll of holy word {unknown}
 q - a scroll of fear {unknown}
 r - a scroll of magic mapping {unknown}
 s - a scroll of summoning {unknown}
Potions
 c - a potion of haste {unknown}
 f - 2 potions of heal wounds {unknown}
 h - 2 potions of magic {unknown}
 t - a potion of berserk rage {unknown}
 u - a potion of lignification {unknown}
 v - a potion of resistance {unknown}


   Skills:
 - Level 2.0 Fighting
 - Level 2.0 Dodging
 - Level 2.0 Stealth
 - Level 3.0 Spellcasting
 - Level 2.0 Conjurations
 + Level 4.7 Fire Magic
 - Level 3.0 Evocations


You had 5 spell levels left.
You knew the following spells:

 Your Spells              Type           Power      Damage    Failure   Level
a - Foxfire               Conj/Fire      80%        2x1d8     2%          1
b - Scorch                Fire           54%        2d7       2%          2
c - Inner Flame           Hex/Fire       15%        N/A       12%         3

Your spell library contained the following spells:

 Spells                   Type           Power      Damage    Failure   Level
 Conjure Flame            Conj/Fire      20%        6-21      8%          3
 Static Discharge         Conj/Air       8%         N/A       10%         2
 Flame Wave               Conj/Fire      20%        2d7       26%         4
 Sticky Flame             Conj/Fire      20%        2d4       26%         4
 Dispel Undead            Necr           3%         3d7       69%         4


Dungeon Overview and Level Annotations

Branches:
Dungeon (4/15)
 Temple: D:4-7

Shops:
D:4 [

Annotations:
D:4 Pikel


Innate Abilities, Weirdness & Mutations

You have an increased reservoir of magic. (+10% MP)
You shall have no god before yourself.
Your divine heritage dramatically boosts your attributes as you level up.


Message History

Confirm with . or Enter, or press ? or * to list all spells.
Flames lash Pikel.
Pikel is lightly wounded.
Pikel's fire resistance burns away.
The lemure shouts!
Casting: Scorch (safe; 2% risk of failure)
Confirm with . or Enter, or press ? or * to list all spells.
Flames lash Pikel.
Pikel is burned terribly!
Pikel is heavily wounded.
Pikel barely misses you.
Pikel hits you with a +1 whip of freezing.
Pikel freezes you.
Casting: Scorch (safe; 2% risk of failure)
Confirm with . or Enter, or press ? or * to list all spells.
Flames lash the lemure.
The lemure is lightly wounded.
The lemure's fire resistance burns away.
Pikel zaps a wand.
The bolt of acid misses you. Pikel completely misses you.
Casting: Scorch (safe; 2% risk of failure)
Confirm with . or Enter, or press ? or * to list all spells.
Flames lash Pikel.
Pikel is heavily wounded.
Pikel hits you with a +1 whip of freezing!
Pikel freezes you. Pikel completely misses you.
The lemure completely misses you.
The lemure is no longer more vulnerable to fire.
You miss Pikel.
Pikel is heavily wounded.
Pikel misses you. Pikel closely misses you.
Casting: Scorch (safe; 2% risk of failure)
Confirm with . or Enter, or press ? or * to list all spells.
Flames lash Pikel.
Pikel is burned terribly!
Pikel is severely wounded.
Pikel waves his whip at you.
Pikel hits you with a +1 whip of freezing.
Pikel freezes you.
Pikel zaps a wand.
The bolt of acid hits you!!!
Ouch! That really hurt!
You die...

#..............##### ###
.................# ...#
..........#####..# #...
..............#..#...
.##...........#..#.#
..................>#
.###............5######
.###..###.######K#....#
..##..#.#.######@#.##.#
#.##..#.#.#......#.##.#
#.##..#...#.######.##.#
..##..###.#.#<......#.####
..#.......#.#########....#
..#...##..#...#.....#.##.####
#.#....#..###.#.###..ยงโ‰ˆโ‰ˆ.^.^^##
#.#..#.#..# #.#...#.#.โ‰ˆ^.^##^^#
#.#..#.#..# #.###.#^^##^..###.#


You could see Pikel (combustible) and a lemure.

Vanquished Creatures
  A water moccasin (D:4)
  An ogre (D:4)
  2 lemures (D:4)
  A scorpion (D:4)
  A water moccasin skeleton (D:4)
  Jessica (D:2)
  8 adders
  A worm (D:2)
  4 dart slugs
  2 orcs
  10 endoplasms
  4 giant cockroaches
  5 goblins
  9 hobgoblins
  4 jackals (D:2)
  4 kobolds
  4 quokkas
  12 ball pythons
  5 bats
  5 frilled lizards
  9 rats
93 creatures vanquished.

Vanquished Creatures (collateral kills)
  2 foxfires (D:1)
2 creatures vanquished.

Vanquished Creatures (others)
  390 foxfires
  3 plants (D:1)
393 creatures vanquished.

Grand Total: 488 creatures vanquished

Notes
Turn   | Place    | Note
-------+----------+-------------------------------------------
     0 | D:1      | enile the Demigod Fire Elementalist began the quest for the
                  | Orb.
     0 | D:1      | Reached XP level 1. HP: 14/14 MP: 5/5
   172 | D:1      | Reached skill level 1 in Fighting
   459 | D:1      | Reached XP level 2. HP: 23/24 MP: 1/7
  1424 | D:1      | Reached XP level 3. HP: 29/29 MP: 4/8
  1840 | D:2      | Reached skill level 3 in Fire Magic
  1855 | D:2      | Learned a level 2 spell: Scorch
  1920 | D:2      | Reached skill level 1 in Conjurations
  2206 | D:2      | Noticed Jessica
  2213 | D:2      | Killed Jessica
  2214 | D:2      | Reached XP level 4. HP: 27/36 MP: 3/9
  3447 | D:3      | Reached skill level 4 in Fire Magic
  3597 | D:3      | Learned a level 3 spell: Inner Flame
  3939 | D:3      | Reached skill level 1 in Evocations
  3984 | D:3      | Reached XP level 5. HP: 41/41 MP: 7/10
  4569 | D:4      | Found Riagg's Antique Armour Boutique.
  4683 | D:4      | Noticed Pikel
  4793 | D:4      | Noticed a water moccasin
  4806 | D:4      | Killed a water moccasin
  4976 | D:4      | Reached XP level 6. HP: 48/48 MP: 5/12
  5628 | D:4      | Killed from afar by Pikel

Illustrated notes

Levels and vault maps discovered:
D:1:      mainiacjoe_arrival_reflecting_pool, layout_basic,
          hellmonk_ecumenical_altar_prayer_group, chequers_big_river
D:2:      layout_basic, nrook_mini_vaults, grunt_ministairs_14, uniq_jessica
D:3:      layout_rooms, minmay_vboxes
D:4:      layout_basic, grunt_qazlal_sundering, serial_shops, shop, uniq_pikel

Skill      XL: |  1  2  3  4  5  6 |
---------------+-------------------+-----
Fighting       | 1 2 |  2.0
Dodging        | 2 |  2.0
Spellcasting   | 2 3 |  3.0
Fire Magic     | 3 4 |  4.7
Stealth        | 2 |  2.0
Conjurations   | 2 |  2.0
Evocations     | 1 3 |  3.0

Action                   |  1- 3 |  4- 6 || total
-------------------------+-------+-------++-------
Melee: Short sword       |       |     7 ||     7
       War axe           |       |     9 ||     9
 Cast: Foxfire           |   105 |   131 ||   236
       Scorch            |     2 |    27 ||    29
  Use: Scroll            |       |     1 ||     1
 Stab: Sleeping          |       |     2 ||     2
Armor: Robe              |     3 |    16 ||    19
Dodge: Dodged            |    11 |    54 ||    65
